 Dungeon Crawl Stone Soup version 0.30-a0-1116-gebefce21f7 (webtiles) character file.

Game seed: 6553960476478504577

9260 Lobster4 the Thaumaturge (level 11, 0/94 HPs)
             Began as a Deep Elf Conjurer on Apr 21, 2023.
             Was a Believer of Vehumet.
             Slain by a minotaur
             ... wielding the +1 battleaxe of Lust {flame, rPois rN+ SInv}
              (31 damage)
             ... in a Gauntlet.
             The game lasted 00:45:52 (15640 turns).

Lobster4 the Thaumaturge (Deep Elf Conjurer)       Turns: 15640, Time: 00:45:52

Health: 0/94       AC: 13    Str: 13    XL:     11   Next: 20%
Magic:  0/25       EV: 14    Int: 30    God:    Vehumet [**....]
Gold:   713        SH:  0    Dex: 11    Spells: 10/27 levels left

rFire   . . .      SeeInvis .    K - +4 scimitar (flame)
rCold   . . .      Faith    .    (no shield)
rNeg    . . .      Spirit   +    w - +0 acid dragon scales
rPois   .          Reflect  .    m - +2 helmet
rElec   .          Rampage  .    P - +2 cloak of Bish {Regen+ Str+5 Dex-2}
rCorr   +          NoTele   +    (no gloves)
Will    ++...                    (no boots) Stlth
                                 v - amulet of guardian spirit
HPRegen 1.15/turn                C - +6 ring of intelligence
MPRegen 0.19/turn                n - ring of willpower

@: brilliant, berserking, very slightly contaminated, very quick
A: hooves 1
a: Renounce Religion


You were in a Gauntlet.
You worshipped Vehumet.
Vehumet was pleased with you.
You visited 3 branches of the dungeon, and saw 13 of its levels.
You also visited: Bailey and Gauntlet.

You collected 713 gold pieces.

Inventory:

Hand Weapons
 e - a +1 dagger
 k - a +0 sling
 l - a +0 short sword
 p - a +3 dagger of flaming
 s - a +0 arbalest
 t - a +1 falchion of holy wrath
 B - a +0 shortbow
 I - a +1 dagger of venom
 K - a +4 scimitar of flaming (weapon)
Missiles
 g - 2 throwing nets
 i - 16 poisoned darts (quivered)
 q - 5 boomerangs
 F - 3 datura-tipped darts
 O - a curare-tipped dart
Armour
 a - a +0 robe
 m - a +2 helmet (worn)
 w - +0 acid dragon scales (worn)
 P - the +2 cloak of Bish (worn) {Regen+ Str+5 Dex-2}
   (You found it in a Gauntlet)

   Str:       It affects your strength (+5).
   Dex:       It affects your dexterity (-2).
   Regen:     It increases your rate of health regeneration.
Magical Staves
 H - a staff of fire
 N - a staff of cold
Jewellery
 b - a ring of fire
 c - a ring of resist corrosion
 n - a ring of willpower (right hand)
 v - an amulet of guardian spirit (around neck)
 C - a +6 ring of intelligence (left hand)
Wands
 r - a wand of charming (7)
 x - a wand of iceblast (20)
 E - a wand of mindburst (8)
Scrolls
 u - 6 scrolls of teleportation
 y - 2 scrolls of fog
 D - 3 scrolls of fear
 G - a scroll of identify
 R - a scroll of brand weapon
Potions
 d - 6 potions of heal wounds
 f - 2 potions of might
 h - 2 potions of haste
 j - 2 potions of mutation
 o - 2 potions of curing
 z - 2 potions of lignification
 J - a potion of flight
 M - a potion of resistance
 Q - a potion of berserk rage
 S - a potion of magic
Miscellaneous
 L - a lightning rod (inert)


   Skills:
 + Level 5.1 Fighting
 - Level 2.0 Short Blades
 + Level 6.1 Ranged Weapons
 - Level 3.0 Throwing
 + Level 3.6 Armour
 + Level 7.9 Dodging
 + Level 8.4 Stealth
 + Level 8.7 Spellcasting
 + Level 8.1 Conjurations
 + Level 5.4 Translocations
 - Level 3.0 Air Magic
 - Level 3.0 Poison Magic
 - Level 3.0 Evocations


You had 10 spell levels left.
You knew the following spells:

 Your Spells              Type           Power      Damage    Failure   Level
a - Magic Dart            Conj           100%       1d8       1%          1
b - Searing Ray           Conj           100%       2d8       1%          2
c - Iskenderun's Mystic   Conj/Tloc      69%        2d14      3%          4
d - Poisonous Vapours     Pois/Air       92%        N/A       2%          2
e - Mephitic Cloud        Conj/Pois/Air  58%        N/A       2%          3
f - Freezing Cloud        Conj/Ice/Air   26%        6-21      34%         5

Your spell library contained the following spells:

 Spells                   Type           Power      Damage    Failure   Level
 Volatile Blastmotes      Fire/Tloc      88%        2d17      5%          3
 Gell's Gravitas          Tloc           62%        N/A       1%          3
 Teleport Other           Tloc           62%        N/A       1%          3
 Dazzling Flash           Conj/Hex       100%       N/A       3%          3
 Beastly Appendage        Tmut           38%        N/A       5%          1
 Necrotise                Necr           76%        1d7       5%          1
 Summon Small Mammal      Summ           76%        N/A       5%          1
 Wereblood                Tmut           19%        N/A       9%          2
 Spider Form              Tmut/Pois      33%        N/A       9%          3
 Fulminant Prism          Conj/Hex       27%        3d13      11%         4
 Call Canine Familiar     Summ           19%        N/A       17%         3
 Summon Guardian Golem    Hex/Summ       19%        N/A       17%         3
 Vampiric Draining        Necr           19%        2d7       17%         3
 Animate Dead             Necr           19%        N/A       50%         4
 Dispersal                Tloc           31%        N/A       67%         6
 Agony                    Necr           19%        N/A       83%         5
 Borgnjor's Vile Clutch   Necr/Erth      9%         N/A       83%         5
 Death Channel            Necr           9%         N/A       100%        6


Dungeon Overview and Level Annotations

Branches:
Dungeon (11/15)            Temple (1/1) D:5            Lair (1/5) D:10
    Orc (0/2) D:11         Bailey (visited)         Gauntlet (1/1)

Altars:
Ashenzari
Gozag
Kikubaaqudgha
Nemelex Xobeh
Ru
Sif Muna
Uskayaw
Vehumet
Wu Jian
Zin
The Shining One

Shops:
D:4 *   D:11 *

Annotations:
D:9 1 runed translucent door, Maggie Gauntlet 8 transporters


Innate Abilities, Weirdness & Mutations

You have large cloven feet.


Message History

The spell is quite dangerous to miscast (34% risk of failure)!
Continue anyway?
Aiming: Freezing Cloud (quite dangerous; 34% risk of failure)
Press: ? - help, Dir - move target You feel a surge of power!
That beam is likely to hit you.
Continue anyway?
You miscast Freezing Cloud.
You are very lightly contaminated with residual magic.
You feel uncomfortably cold!!
Aiming: Thunderbolt
Press: ? - help, Shift-Dir - straight line, f - minotaur
Aim: a minotaur, wielding the +1 battleaxe of Lust {flame, rPois rN+ SInv}, wearing a +0 plate armour, wearing a ring of protection from fire and quivering silver javelins The thunderbolt hits the minotaur!
The minotaur is lightly wounded.
Aiming: Thunderbolt
Press: ? - help, Shift-Dir - straight line, f/p - minotaur
Aim: a minotaur, wielding the +1 battleaxe of Lust {flame, rPois rN+ SInv}, wearing a +0 plate armour, wearing a ring of protection from fire and quivering silver javelins (lightly wounded)
The thunderbolt hits the minotaur!
The minotaur is moderately wounded.
Aiming: Thunderbolt
Press: ? - help, Shift-Dir - straight line, f/p - minotaur
Aim: a minotaur, wielding the +1 battleaxe of Lust {flame, rPois rN+ SInv}, wearing a +0 plate armour, wearing a ring of protection from fire and quivering silver javelins (moderately wounded)
The thunderbolt hits the minotaur!!
The minotaur is heavily wounded.
Aiming: Thunderbolt
Press: ? - help, Shift-Dir - straight line, f/p - minotaur
Aim: a minotaur, wielding the +1 battleaxe of Lust {flame, rPois rN+ SInv}, wearing a +0 plate armour, wearing a ring of protection from fire and quivering silver javelins (heavily wounded)
The thunderbolt hits the minotaur!
The minotaur is severely wounded.
The lightning rod overheats!
The minotaur hits you with the +1 battleaxe of Lust {flame, rPois rN+ SInv}!!
The minotaur burns you. The minotaur completely misses you.
Okay, then.
A red film seems to cover your vision as you go berserk!
You feel yourself moving faster!
You feel mighty!
The minotaur hits you with the +1 battleaxe of Lust {flame, rPois rN+ SInv}!!
The minotaur burns you. The minotaur gores you!
You hit the minotaur but do no damage.
The minotaur is severely wounded.
The minotaur hits you with the +1 battleaxe of Lust {flame, rPois rN+ SInv}!!!
You die...

####..#...#.#.#.#.#5#...#.#..#..#
...##.#####..#.#.#..#...#....#...
....#.#...#.#.#.#.#.#...#...#.#..
.©.!..#.8.#..$.©5..5#...#....©...
#######...###########...#########
.................................
.....................§∩≈.........
#################################
# #8# #8# #8##≈.@.............≈##
# ### ### ####8.8H8..©.©..8.8.8##
#≈...............§#
###.#.#######.#.### #.#....#
..#.# #.#.##.# #.... .. #.#.. ##
#.#..#


You could see a minotaur and 2 shadow imps.

Vanquished Creatures
  A blizzard demon (Gauntlet)
  3 two-headed ogres
  An efreet (Gauntlet)
  An unseen horror (D:11)
  2 ice devils (Gauntlet)
  2 trolls
  A hornet (D:11)
  Sigmund (D:2)
  A shadow (D:11)
  2 wyverns (D:7)
  2 fire elementals (Gauntlet)
  An acid dragon (D:8)
  A hell hound (Gauntlet)
  3 water moccasins
  2 orc warriors
  2 black bears
  2 ice beasts (D:5)
  2 ogres (D:6)
  2 centaurs
  A phantom (D:5)
  3 kobold brigands
  Blork the orc (D:6)
  2 gnoll sergeants
  3 scorpions
  8 wights (D:10)
  12 killer bees
  3 howler monkeys (D:10)
  A gnoll bouda (D:7)
  5 jellies
  5 orc priests
  9 hounds
  Ijyb (D:4)
  Jessica (D:2)
  3 iguanas (D:6)
  4 orc wizards
  2 sleepcaps (D:7)
  Robin (D:2)
  8 adders
  19 gnolls
  A shadow imp (D:5)
  A white imp (Gauntlet)
  An ufetubus (D:4)
  2 worms (D:3)
  4 dart slugs
  18 orcs
  13 ball pythons
  6 bats
  10 endoplasms
  4 giant cockroaches
  23 goblins
  10 hobgoblins
  4 jackals
  15 kobolds
  4 quokkas
  A frilled lizard (D:2)
  7 rats
248 creatures vanquished.

Notes
Turn   | Place    | Note
-------+----------+-------------------------------------------
     0 | D:1      | Lobster4 the Deep Elf Conjurer began the quest for the Orb.
     0 | D:1      | Reached XP level 1. HP: 10/10 MP: 6/6
   258 | D:1      | Reached XP level 2. HP: 16/16 MP: 5/8
   261 | D:1      | Learned a level 2 spell: Searing Ray
   643 | D:1      | Reached XP level 3. HP: 20/20 MP: 7/9
   666 | D:1      | Found a faded altar of an unknown god.
   970 | D:2      | Noticed Robin
  1124 | D:2      | Noticed Sigmund
  1197 | D:2      | Noticed Jessica
  1203 | D:2      | Killed Jessica
  1204 | D:2      | Reached skill level 1 in Fighting
  1204 | D:2      | Reached XP level 4. HP: 25/25 MP: 8/11
  2085 | D:2      | Killed Robin
  2412 | D:3      | Gained mutation: You have large cloven feet. [potion of
                  | mutation]
  2421 | D:3      | Reached skill level 1 in Short Blades
  2421 | D:3      | Reached XP level 5. HP: 3/29 MP: 3/13
  2422 | D:3      | Reached skill level 5 in Conjurations
  2590 | D:3      | Learned a level 4 spell: Iskenderun's Mystic Blast
  2615 | D:3      | Reached skill level 1 in Throwing
  3223 | D:3      | Learned a level 2 spell: Poisonous Vapours
  3654 | D:4      | Found Demykh Vieb's Assorted Antiques.
  3720 | D:4      | Reached skill level 1 in Armour
  3720 | D:4      | Reached XP level 6. HP: 34/34 MP: 8/14
  4084 | D:4      | Noticed Ijyb
  4275 | D:4      | Reached skill level 1 in Translocations
  4478 | D:5      | Entered Level 5 of the Dungeon
  4598 | D:5      | Found a staircase to the Ecumenical Temple.
  4611 | Temple   | Entered the Ecumenical Temple
  4681 | Temple   | Became a worshipper of Vehumet
  4969 | D:5      | Reached skill level 1 in Air Magic
  4969 | D:5      | Reached skill level 1 in Poison Magic
  5025 | D:5      | Noticed an ice beast
  5109 | D:5      | Reached XP level 7. HP: 39/39 MP: 5/15
  5686 | D:5      | Reached skill level 1 in Ranged Weapons
  5768 | D:5      | Learned a level 3 spell: Mephitic Cloud
  5870 | D:6      | Reached skill level 5 in Spellcasting
  5932 | D:6      | You fall into a shaft and drop 3 floors!
  5984 | D:8      | Noticed a +0 spear
  5985 | D:8      | Noticed a +0 dagger
  5996 | D:8      | Found a flagged portal.
  6011 | D:8      | Reached XP level 8. HP: 23/45 MP: 3/17
  6112 | Bailey   | Entered a bailey
  6290 | D:8      | Found a hide-covered altar of Uskayaw.
  6290 | D:8      | Noticed a +0 falchion
  6290 | D:8      | Noticed a +0 dagger
  6297 | D:8      | Noticed a +0 short sword
  6297 | D:8      | Noticed a +0 falchion
  6299 | D:8      | Noticed a +0 short sword
  6300 | D:8      | Noticed a +0 spear
  6820 | D:6      | Reached skill level 1 in Evocations
  6899 | D:6      | Reached skill level 5 in Stealth
  7050 | D:6      | Noticed Blork the orc
  7057 | D:6      | Killed Blork the orc
  7318 | D:6      | Reached skill level 5 in Dodging
  7501 | D:6      | Reached * piety under Vehumet
  7501 | D:6      | Offered knowledge of Shock by Vehumet.
  7804 | D:7      | Reached XP level 9. HP: 48/50 MP: 10/19
  9597 | D:8      | Offered knowledge of Static Discharge by Vehumet.
  9765 | D:9      | Reached ** piety under Vehumet
 10034 | D:9      | Noticed a two-headed ogre
 10054 | D:9      | Noticed a troll
 10251 | D:9      | Noticed Maggie
 10310 | D:9      | Found an ancient bone altar of Kikubaaqudgha.
 10861 | D:9      | Killed a troll
 10871 | D:9      | Killed a two-headed ogre
 10872 | D:9      | Reached skill level 5 in Ranged Weapons
 10872 | D:9      | Reached XP level 10. HP: 32/56 MP: 1/22
 11157 | D:9      | Noticed a two-headed ogre
 11166 | D:9      | Killed a two-headed ogre
 11511 | D:9      | Found a runed translucent door.
 11543 | D:10     | Entered Level 10 of the Dungeon
 11606 | D:10     | Reached skill level 5 in Translocations
 11651 | D:10     | Noticed a two-headed ogre
 11683 | D:10     | Killed a two-headed ogre
 12077 | D:10     | Identified the +2 pair of boots "Trusted Companion" {+Inv
                  | rC+ rN+}
 12267 | D:10     | Found a staircase to the Lair.
 13544 | D:11     | Found Mubrared's Elemental Accessories.
 13676 | D:11     | Found a staircase to the Orcish Mines.
 14615 | D:2      | Offered knowledge of Volatile Blastmotes by Vehumet.
 14865 | D:2      | Killed Sigmund
 14980 | D:4      | Killed Ijyb
 15165 | Lair:1   | Entered Level 1 of the Lair of Beasts
 15188 | Lair:1   | Found a gate leading to a gauntlet.
 15199 | Gauntlet | Entered a Gauntlet
 15199 | Gauntlet | Found a transporter.
 15199 | Gauntlet | Found a transporter.
 15215 | Gauntlet | Found a transporter.
 15219 | Gauntlet | Found a transporter.
 15229 | Gauntlet | Found a transporter.
 15250 | Gauntlet | Found a transporter.
 15253 | Gauntlet | Noticed a soul eater
 15253 | Gauntlet | Noticed a blizzard demon
 15262 | Gauntlet | Found a transporter.
 15268 | Gauntlet | Found a transporter.
 15272 | Gauntlet | Noticed a soul eater
 15310 | Gauntlet | Found a transporter.
 15330 | Gauntlet | Found a transporter.
 15336 | Gauntlet | Found a transporter.
 15350 | Gauntlet | Noticed a wizard
 15353 | Gauntlet | Found a transporter.
 15391 | Gauntlet | Learned a level 5 spell: Freezing Cloud
 15396 | Gauntlet | Reached skill level 5 in Fighting
 15396 | Gauntlet | Reached XP level 11. HP: 38/63 MP: 5/25
 15404 | Gauntlet | Identified the +2 cloak of Bish {Regen+ Str+5 Dex-2}
 15537 | Gauntlet | Killed a blizzard demon
 15622 | Gauntlet | Identified the +1 battleaxe of Lust {flame, rPois rN+ SInv}
 15622 | Gauntlet | Noticed a minotaur
 15640 | Gauntlet | Slain by a minotaur

Illustrated notes

Levels and vault maps discovered:
D:1:      minmay_arrival_jagged, layout_rooms, nicolae_ecumenical_lake_church
D:2:      layout_basic, minmay_hedge_maze, bh_walls_and_bars, uniq_robin,
          uniq_jessica, uniq_sigmund
D:3:      layout_loops_ring, minmay_joined_circles
D:4:      layout_gridville, serial_shops, nicolae_shop_tiny_waterfront,
          uniq_ijyb
D:5:      layout_gridville, minmay_temple_entry_glassed_door
D:6:      layout_basic, hangedman_decor_opposing,
          minmay_misc_feat_secret_circle, chequers_serial_rivers_micro_d,
          uniq_blork_the_orc
D:7:      layout_cave_pools
D:8:      layout_loops_corners, nicolae_uskayaw_en_pointe, enter_bailey_5
D:9:      layout_loops_corners, mainiacjoe_overflow_alcove_1,
          ebering_ghost_inner_flame, uniq_maggie
D:10:     layout_stronghold, lair_entry_dummy, minivault_24,
          dreamdust_princess_bridge, kennysheep_dice
D:11:     layout_cave_pods, orc_0_dummy, nicolae_elemental_shop,
          kennysheep_cross_bottleneck
Temple:   nicolae_temple_slightly_damp_pantheon
Lair:1:   layout_roguey, gauntlet_entry_generic
Gauntlet: gammafunk_gauntlet_shortcut [nicolae_gauntlet_arena_x,
          nicolae_gauntlet_arena_t_cross, nicolae_gauntlet_swirl,
          gammafunk_gauntlet_arena_chambers, gammafunk_gauntlet_arena_split_x,
          gammafunk_gauntlet_arena_grid, nicolae_gauntlet_exit_dead_adventurers]

Skill      XL: |  1  2  3  4  5  6  7  8  9 10 11 |
---------------+----------------------------------+-----
Stealth        | 3 4 5 6 8 |  8.4
Dodging        | 3 4 5 6 7 |  7.9
Fighting       | 1 2 3 4 5 |  5.1
Short Blades   | 1 2 |  2.0
Spellcasting   | 4 5 7 8 |  8.7
Conjurations   | 5 6 7 8 |  8.1
Throwing       | 1 2 3 |  3.0
Armour         | 1 2 3 |  3.6
Translocations | 1 2 3 4 5 |  5.4
Air Magic      | 1 2 3 |  3.0
Poison Magic   | 1 2 3 |  3.0
Ranged Weapons | 1 3 5 6 |  6.1
Evocations     | 2 3 |  3.0

Action                     |  1- 3 |  4- 6 |  7- 9 | 10-12 || total
---------------------------+-------+-------+-------+-------++-------
  Melee: Unarmed           |     1 |       |       |       ||     1
         Dagger            |       |    16 |    12 |     1 ||    29
         Scimitar          |       |       |       |     2 ||     2
  Throw: Dart              |       |       |     4 |     4 ||     8
         Throwing net      |       |       |     1 |     1 ||     2
   Cast: Magic Dart        |    62 |   112 |    95 |    54 ||   323
         Searing Ray       |     3 |    29 |    52 |    40 ||   124
         Poisonous Vapours |       |       |    38 |    21 ||    59
         Mephitic Cloud    |       |       |     7 |     4 ||    11
         Iskenderun's Myst |       |       |     1 |    11 ||    12
  Evoke: Wand              |       |       |     5 |    10 ||    15
         Lightning rod     |       |       |       |     8 ||     8
    Use: Scroll            |     3 |     7 |     7 |     7 ||    24
         Potion            |       |     5 |       |     5 ||    10
   Stab: Sleeping          |       |       |     1 |       ||     1
 Armour: Robe              |     2 |    22 |     2 |       ||    26
         Acid dragon scale |       |       |    24 |    20 ||    44
  Dodge: Dodged            |     7 |    39 |    64 |    36 ||   146

Table legend: (Time is in decaauts)
 A = Elapsed time spent in this place.
 B = Non-inter-level travel time spent in this place.
 C = Inter-level travel time spent in this place.
 D = Time resting spent in this place.
 E = Time spent auto-exploring this place.
 F = Levels seen in this place.
 G = Mean time per level.
                   A        B        C        D        E       F      G
               +--------+--------+--------+--------+--------+-----+--------+
         Total |  15650 |  14663 |    987 |   3136 |   9110 |  15 | 1043.3 |
       Dungeon |  15058 |  14082 |    976 |   2989 |   8901 |  11 | 1368.9 |
        Temple |     94 |     83 |     11 |      0 |     61 |   1 |   94.0 |
          Lair |     33 |     33 |      0 |      0 |      0 |   1 |   33.0 |
        Bailey |     23 |     23 |      0 |      0 |      0 |   1 |   23.0 |
      Gauntlet |    439 |    439 |      0 |    147 |    148 |   1 |  439.0 |
               +--------+--------+--------+--------+--------+-----+--------+

Top non-repeatable levels by time:
     D:9: 1765 daAuts
     D:2: 1628 daAuts
     D:8: 1620 daAuts
     D:6: 1529 daAuts
    D:10: 1481 daAuts
    D:11: 1445 daAuts
     D:5: 1231 daAuts
     D:1: 1210 daAuts
     D:3: 1192 daAuts
     D:4: 989 daAuts
     D:7: 965 daAuts
Gauntlet: 439 daAuts
  Temple: 94 daAuts
  Lair:1: 33 daAuts
  Bailey: 23 daAuts
